 Dungeon Crawl Stone Soup version 0.21.1-1-g345015f (webtiles) character file.

422 Labyrinth the Gusty (level 6, -6/47 HPs)
             Began as a Draconian Air Elementalist on July 22, 2018.
             Was a Believer of Cheibriados.
             Mangled by an ogre
             ... wielding a +0 giant club
              (9 damage)
             ... on level 5 of the Dungeon.
             The game lasted 00:29:49 (4221 turns).

Labyrinth the Gusty (Draconian Air Elementalist)    Turns: 4221, Time: 00:29:49

Health: -6/47      AC: 13    Str: 20    XL:     6   Next: 63%
Magic:  0/10       EV: 13    Int: 19    God:    Cheibriados [**....]
Gold:   149        SH:  5    Dex: 16    Spells: 5/11 levels left

rFire    . . .     SeeInvis .   A - +2 morningstar (protect)
rCold    . . .     Gourm    .   l - +1 buckler
rNeg     . . .     Faith    .   (armour unavailable)
rPois    .         Spirit   +   (helmet restricted)
rElec    .         Reflect  .   (no cloak)
rCorr    .         Harm     .   (no gloves)
MR       .....                  (no boots)
Stlth    ++........             B - amulet of guardian spirit
HPRegen  0.15/turn              s - +4 ring of strength
MPRegen  0.12/turn              (no ring)

@: protection aura, very slow
A: unfitting armour, cold-blooded, AC +6
a: Bend Time, Renounce Religion


You were on level 5 of the Dungeon.
You worshipped Cheibriados.
Cheibriados was pleased with you.
You were not hungry.

You visited 2 branches of the dungeon, and saw 6 of its levels.

You collected 149 gold pieces.

Inventory:

Hand Weapons
 e - a +0 hand axe
 q - a +0 arbalest
 u - a +0 mace
 y - a +0 halberd
 A - a +2 morningstar of protection (weapon)
 F - a +2 hand axe of venom
 G - a +0 quarterstaff
 H - a cursed +0 spear
 I - a +0 flail
 M - a +0 mace of holy wrath
 O - the +8 spear "Nosotes" {flame, rC+, unknown}
   (You found it on level 5 of the Dungeon)

   It has been specially enchanted to burn those struck by it, causing extra
   injury to most foes and up to half again as much damage against particularly
   susceptible opponents.
   It protects you from cold.
Missiles
 f - 14 poisoned needles
 k - 68 sling bullets
 n - 56 stones
 z - 25 bolts
 C - 5 tomahawks of returning (quivered)
 D - 29 arrows
 L - 4 tomahawks
 P - 5 large rocks
Armour
 c - a +1 centaur barding
 l - a +1 buckler (worn)
Jewellery
 s - a +4 ring of strength (left hand)
 B - an amulet of guardian spirit (around neck)
Wands
 K - a wand of clouds (5)
Scrolls
 g - a scroll of enchant armour
 o - a scroll of teleportation
 t - a scroll of fear {unknown}
 v - a scroll of remove curse {unknown}
 x - a scroll of random uselessness {unknown}
 E - a scroll of immolation {unknown}
Potions
 m - a potion of mutation {unknown}
 r - a potion of ambrosia {unknown}
 w - a potion of degeneration {unknown}
 N - a potion of magic {unknown}
Books
 a - a book of Air

   Spells                             Type                      Level
   a - Shock                          Conjuration/Air              1
   b - Swiftness                      Charms/Air                   2
   c - Static Discharge               Conjuration/Air              3
   d - Airstrike                      Air                          4
   e - Lightning Bolt                 Conjuration/Air              5
Comestibles
 b - 7 rations
 d - 4 chunks of flesh


   Skills:
 + Level 1.6 Fighting
 + Level 1.6(2.2) Axes
 + Level 2.1(2.4) Maces & Flails
 + Level 1.0 Crossbows
 + Level 3.1 Dodging
 + Level 2.4 Stealth
 + Level 0.7 Shields
 + Level 0.2 Unarmed Combat
 + Level 3.2 Spellcasting
 + Level 2.0 Conjurations
 + Level 3.9 Air Magic


You had 5 spell levels left.
You knew the following spells:

 Your Spells              Type           Power        Failure   Level  Hunger
a - Shock                 Conj/Air       ##..         7%          1    None
b - Swiftness             Chrm/Air       ##......     16%         2    ##.....
c - Static Discharge      Conj/Air       ##......     21%         3    ###....


Dungeon Overview and Level Annotations

Branches:
Dungeon (5/15)             Temple (1/1) D:4

Altars:
Ashenzari
Cheibriados
Dithmenos
Elyvilon
Gozag
Hepliaklqana
Trog
Uskayaw
Vehumet
Wu Jian
Xom
Yredelemnul
Zin
The Shining One


Innate Abilities, Weirdness & Mutations

Your plain brown scales are hard. (AC +6)
You cannot fit into any form of body armour.
You are cold-blooded and may be slowed by cold attacks.


Message History

The zap hits the ogre.
The ogre is moderately wounded.
Casting: Shock
Confirm with . or Enter, or press ? or * to list all spells.
Okay, then.
The flow of time bends around you.
The ogre resists with some effort.
You feel slightly more hungry. The ogre hits you with a giant club!!
You bludgeon the ogre!!
Your weapon exudes an aura of protection.
The ogre is almost dead.
The ogre hits you with a giant club!!
Ouch! That really hurt!
* * * LOW HITPOINT WARNING * * *
You feel better. The ogre hits you with a giant club!
* * * LOW HITPOINT WARNING * * *
As you read the scroll labeled WORRECINYB, it crumbles to dust.
It is a scroll of identify.
o - a scroll of teleportation The ogre hits you with a giant club!
You die...

...........#
#.........
..........#
##.........
#........#
#..........
#.....#####..........
##.......##..........
#........÷..........
#...................
###O####............
#..@÷.#####.........
#.#.### ####......
#.._..# ###....
###.#.# ####. #.....#
## ###.### ##. #...#
#.. ##..... #..
....... #..


You could see an ogre.

Vanquished Creatures
  An ogre (D:4)
  A howler monkey (D:5)
  A crimson imp (D:4)
  A hound (D:5)
  A jelly (D:5)
  An orc priest (D:3)
  A worker ant (D:4)
  A howler monkey skeleton (D:5)
  5 adders
  3 oozes
  4 worms
  3 dart slugs
  A leopard gecko (D:4)
  5 orcs
  5 giant cockroaches
  4 hobgoblins
  2 jackals (D:1)
  A quokka (D:5)
  A ball python (D:2)
  5 bats
  5 frilled lizards
  3 goblins
  A jackal skeleton (D:4)
  6 kobolds
  A leopard gecko skeleton (D:3)
  12 rats
75 creatures vanquished.

Notes
Turn   | Place    | Note
-------+----------+-------------------------------------------
     0 | D:1      | Labyrinth the Draconian Air Elementalist began the quest for the Orb.
     0 | D:1      | Reached XP level 1. HP: 14/14 MP: 3/3
   218 | D:1      | Reached XP level 2. HP: 18/20 MP: 1/5
   238 | D:1      | Learned a level 2 spell: Swiftness
   613 | D:1      | Reached XP level 3. HP: 18/26 MP: 6/6
   829 | D:1      | Reached skill level 1 in Axes
  1038 | D:2      | Learned a level 3 spell: Static Discharge
  1286 | D:2      | HP: 1/26 [dart slug/slug dart (4)]
  1871 | D:3      | Found a faded altar of an unknown god.
  1973 | D:3      | Reached XP level 4. HP: 29/33 MP: 3/7
  2481 | D:3      | Reached skill level 1 in Maces & Flails
  2974 | D:3      | Became a worshipper of Cheibriados the Contemplative
  2974 | D:3      | Reached * piety under Cheibriados
  3181 | D:4      | Noticed an ogre
  3192 | D:4      | Killed an ogre
  3192 | D:4      | Reached XP level 5. HP: 18/39 MP: 0/9
  3385 | D:4      | Reached skill level 1 in Fighting
  3563 | D:4      | Found a staircase to the Ecumenical Temple.
  3716 | D:4      | Reached XP level 6. HP: 47/47 MP: 10/10
  3741 | D:4      | Reached ** piety under Cheibriados
  3855 | Temple   | Entered the Ecumenical Temple
  4011 | D:5      | Entered Level 5 of the Dungeon
  4045 | D:5      | Got a fine spear
  4106 | D:5      | Reached skill level 1 in Crossbows
  4171 | D:5      | Found an opulent altar of Gozag.
  4221 | D:5      | Mangled by an ogre

Skill      XL: |  1  2  3  4  5  6 |
---------------+-------------------+-----
Dodging        | 2 3 |  3.1
Axes           | 1 |  1.6
Stealth        | 2 |  2.4
Maces & Flails | 1 2 |  2.1
Fighting       | 1 |  1.6
Spellcasting   | 3 |  3.2
Crossbows      | 1 |  1.0
Conjurations   | 2 |  2.0
Shields        | |  0.7
Unarmed Combat | |  0.2
Air Magic      | |  3.9

Action                   |  1- 3 |  4- 6 || total
-------------------------+-------+-------++-------
Melee: Short sword       |    28 |       ||    28
       Unarmed           |    10 |       ||    10
       Hand axe          |    84 |       ||    84
       Tailslap          |    10 |    13 ||    23
       Mace              |    22 |     2 ||    24
       Morningstar       |       |    80 ||    80
 Fire: Arbalest          |       |     9 ||     9
 Cast: Shock             |    43 |    28 ||    71
       Swiftness         |     1 |       ||     1
       Static Discharge  |       |     3 ||     3
Invok: Bend Time         |       |     1 ||     1
  Use: Scroll            |     2 |     1 ||     3
       Potion            |       |     2 ||     2
 Stab: Sleeping          |     3 |     1 ||     4
  Eat: Chunk             |     3 |     2 ||     5
       Ration            |     1 |     1 ||     2
Armor: Skin              |    63 |    41 ||   104
Dodge: Dodged            |   117 |    76 ||   193
Block: Buckler           |    10 |    25 ||    35
